 Dungeon Crawl Stone Soup version 0.27-a0-1060-gcb85b5eba1 (webtiles) character file.

Game seed: 12895781895623820123

807 wakim the Sneak (level 8, -2/49 HPs)
             Began as a Kobold Brigand on Apr 21, 2021.
             Was an Initiate of Nemelex Xobeh.
             Succumbed to a water moccasin's poison
             ... on level 5 of the Dungeon.
             The game lasted 00:20:17 (7491 turns).

wakim the Sneak (Kobold Brigand)                    Turns: 7491, Time: 00:20:18

Health: -2/49      AC:  3    Str:  7 (8)  XL:     8   Next: 14%
Magic:  9/9        EV: 17    Int: 11 (12) God:    Nemelex Xobeh [......]
Gold:   223        SH:  0    Dex: 18 (19) Spells: 7/7 levels left

rFire    . . .     SeeInvis .   b - +0 dagger (venom)
rCold    . . .     Faith    +   (shield restricted)
rNeg     . . .     Spirit   .   j - +0 robe
rPois    .         Reflect  .   (no helmet)
rElec    .         Harm     .   c - +0 cloak
rCorr    .         Rampage  .   (no gloves)
Will     +....                  (no boots)
Stlth    +++++.....             n - amulet of faith
HPRegen  0.16/turn              g - ring of willpower
MPRegen  0.11/turn              (no ring)

@: lethally poisoned (-2 -> -12)
A: small, no large weapons, nightstalker 3
a: Renounce Religion, Draw Escape, Draw Destruction, Draw Summoning


You were on level 5 of the Dungeon.
You worshipped Nemelex Xobeh.
Nemelex Xobeh was noncommittal.
You visited 2 branches of the dungeon, and saw 7 of its levels.

You collected 223 gold pieces.

Inventory:

Hand Weapons
 a - a +3 dagger
 b - a +0 dagger of venom (weapon)
Missiles
 e - 2 curare-tipped darts (quivered) {=f}
 i - 26 poisoned darts
Armour
 c - a +0 cloak (worn)
 j - a +0 robe (worn)
Jewellery
 g - a ring of willpower (left hand)
 n - an amulet of faith (around neck)
Wands
 v - a wand of flame (14)
 y - a wand of paralysis (7)
Scrolls
 R - a scroll of magic mapping {!r}
 W - a scroll of holy word
Potions
 d - a potion of degeneration {!q}
 f - a potion of lignification {unknown}
 h - a potion of resistance {unknown}
 l - a potion of attraction {unknown}
 o - a potion of flight {unknown}
 M - 2 potions of mutation {!q}


   Skills:
 * Level 5.1 Fighting
 * Level 6.0 Short Blades
 - Level 3.5 Throwing
 + Level 4.6 Dodging
 + Level 6.8 Stealth
 * Level 2.4 Invocations


You had 7 spell levels left.
You didn't know any spells.
Your spell library was empty.

Dungeon Overview and Level Annotations

Branches:
Dungeon (6/15)             Temple (1/1) D:5

Altars:
Ashenzari
Elyvilon
Gozag
Hepliaklqana
Nemelex Xobeh
Okawaru
Qazlal
Sif Muna
Trog
Vehumet
Wu Jian
Yredelemnul
Zin

Shops:
D:1 *   D:3 !

Annotations:
D:3 3 runed translucent doors


Innate Abilities, Weirdness & Mutations

You are small and have problems with some larger weapons.
You are completely attuned to the shadows.


Message History

The water moccasin bites you but does no damage.
You barely miss the water moccasin.
The water moccasin is lightly wounded.
You feel sick. The water moccasin bites you!
Unknown command.
You feel sick. The water moccasin bites you!
* * * LOW HITPOINT WARNING * * *
You are lethally poisoned!
The water moccasin poisons you!
There is a stone staircase leading up, spattered with blood here.
You feel much better.
You feel very sick.
The water moccasin completely misses you.
Unknown command.
As you read the scroll of teleportation, it crumbles to dust.
You feel strangely unstable.
You feel very sick. The water moccasin bites you!
You are lethally poisoned!
The water moccasin poisons you!
* * * LOW HITPOINT WARNING * * *
You feel very sick. The water moccasin bites you!
* * * LOW HITPOINT WARNING * * *
The water moccasin barely misses you.
You climb upwards.
Your surroundings suddenly seem different.
* * * LOW HITPOINT WARNING * * *
You feel extremely sick.
* * * LOW HITPOINT WARNING * * *
You feel very sick.
It was a potion of degeneration.
There was something very wrong with that liquid.
You feel weakened.
You feel dopey.
You feel clumsy.
d - a potion of degeneration;
i - 26 poisoned darts
* * * LOW HITPOINT WARNING * * *
You feel sick.
It was a potion of cancellation.
You feel magically purged.
You die...
Your body disappears without a glow.

#.##.# #.#
#....##################.#
####.#...S...........##..
#.....>##########.##[.
#.#....# #.##.# #.##.#)#
#.#... ##.##.#[# #.....
#...#.#.# #....#
#.#...@.# ##..##
#...#.### #..# #####.#
#..# #.# #..#
#.#############..#
#................#
################.## #...
####


There were no monsters in sight!

Vanquished Creatures
  2 ogres
  2 scorpions
  A howler monkey (D:6)
  A jelly (D:5)
  2 hounds (D:5)
  An iguana (D:4)
  2 orc wizards
  12 gnolls
  5 adders
  An ufetubus (D:4)
  2 worms
  3 dart slugs
  19 orcs
  9 ball pythons
  9 endoplasms
  2 giant cockroaches
  3 hobgoblins
  17 jackals
  3 quokkas
  4 bats
  2 frilled lizards
  15 goblins
  2 kobolds
  3 rats (D:1)
122 creatures vanquished.

Notes
Turn   | Place    | Note
-------+----------+-------------------------------------------
     0 | D:1      | wakim the Kobold Brigand began the quest for the Orb.
     0 | D:1      | Reached XP level 1. HP: 12/12 MP: 1/1
   117 | D:1      | Reached XP level 2. HP: 17/18 MP: 2/2
   242 | D:1      | Reached XP level 3. HP: 10/22 MP: 3/3
   449 | D:1      | Found Gus Cusa's General Store.
  1537 | D:2      | Reached XP level 4. HP: 27/27 MP: 4/4
  2394 | D:3      | Reached XP level 5. HP: 21/32 MP: 5/5
  3375 | D:3      | Found Jyseahal's Distillery.
  3500 | D:3      | Found a radiant altar of Vehumet.
  3604 | D:3      | Found a runed translucent gate.
  3605 | D:3      | Found a runed translucent gate.
  3606 | D:3      | Found a runed translucent gate.
  3703 | D:4      | Reached XP level 6. HP: 25/38 MP: 6/6
  4506 | D:4      | HP: 1/38 [gnoll/+0 halberd (9)]
  4975 | D:4      | Found a basalt altar of Yredelemnul.
  4978 | D:4      | Noticed an orc warrior
  4995 | D:4      | Noticed an ogre
  5472 | D:5      | Entered Level 5 of the Dungeon
  5566 | D:5      | Reached skill level 5 in Short Blades
  5566 | D:5      | Reached XP level 7. HP: 43/43 MP: 7/7
  5728 | D:5      | Found a staircase to the Ecumenical Temple.
  5735 | Temple   | Entered the Ecumenical Temple
  5898 | Temple   | Became a worshipper of Nemelex Xobeh the Trickster
  6109 | D:5      | Found a bloodstained altar of Trog.
  6538 | D:5      | Reached skill level 1 in Invocations
  6819 | D:6      | Noticed a water moccasin
  7301 | D:6      | Reached XP level 8. HP: 48/48 MP: 9/9
  7339 | D:4      | Reached skill level 5 in Fighting
  7490 | D:5      | HP: 1/49 [poisoned by a water moccasin]
  7491 | D:5      | Succumbed to a water moccasin's poison

Illustrated notes

Levels and vault maps discovered:
D:1:      erik_arrival_triangle_small, layout_basic, serial_shops,
          shop_fountains
D:2:      layout_basic, cheibrodos_gnoll_hut
D:3:      layout_basic, old_standard_altar, gammafunk_ghost_necromancy,
          serial_shops, shop
D:4:      layout_basic, overflow_temple_1_default
D:5:      layout_loops_ring, kennysheep_little_box, minmay_temple_entry_wispy
D:6:      layout_rooms, nicolae_uskayaw_dance_studio, minmay_misc_feat_ornament,
          nicolae_lava_and_water, kennysheep_minor_cross
Temple:   compressed_dpeg_circular_temple

Skill      XL: |  1  2  3  4  5  6  7  8 |
---------------+-------------------------+-----
Short Blades   | 3 4 5 6 |  6.0
Dodging        | 2 3 4 |  4.6
Fighting       | 3 4 5 |  5.1
Throwing       | 3 |  3.5
Stealth        | 6 |  6.8
Invocations    | 2 |  2.4

Action                   |  1- 3 |  4- 6 |  7- 9 || total
-------------------------+-------+-------+-------++-------
Melee: Dagger            |   109 |   160 |   101 ||   370
  Use: Scroll            |     4 |     5 |     3 ||    12
       Potion            |       |       |     3 ||     3
 Stab: Sleeping          |    21 |    24 |     8 ||    53
       Distracted        |     1 |     1 |       ||     2
Armor: Robe              |    11 |    15 |     9 ||    35
Dodge: Dodged            |    58 |    92 |    68 ||   218

Table legend: (Time is in decaauts)
 A = Elapsed time spent in this place.
 B = Non-inter-level travel time spent in this place.
 C = Inter-level travel time spent in this place.
 D = Time resting spent in this place.
 E = Time spent auto-exploring this place.
 F = Levels seen in this place.
 G = Mean time per level.
                   A        B        C        D        E       F      G
               +--------+--------+--------+--------+--------+-----+--------+
         Total |   7409 |   7050 |    359 |   1115 |   4659 |   7 | 1058.4 |
       Dungeon |   7223 |   6878 |    345 |   1115 |   4572 |   6 | 1203.8 |
        Temple |    186 |    172 |     14 |      0 |     87 |   1 |  186.0 |
               +--------+--------+--------+--------+--------+-----+--------+

Top non-repeatable levels by time:
     D:3: 1995 daAuts
     D:5: 1598 daAuts
     D:2: 1548 daAuts
     D:4: 1072 daAuts
     D:1: 898 daAuts
  Temple: 186 daAuts
     D:6: 109 daAuts
